 Dungeon Crawl Stone Soup version 0.30-a0-465-g8901f6c8b5 (webtiles) character file.

Game seed: 1889892353808339903

15 p00ps00p the Trooper (level 2, -2/27 HPs)
             Began as a Hill Orc Fighter on Dec 18, 2022.
             Slain by a goblin
             ... wielding a +0 dagger
             ... led by Robin
              (5 damage)
             ... on level 2 of the Dungeon.
             The game lasted 00:01:28 (1537 turns).

p00ps00p the Trooper (Hill Orc Fighter)             Turns: 1537, Time: 00:01:28

Health: -2/27      AC:  6    Str: 18    XL:     2   Next: 50%
Magic:  2/2        EV:  5    Int:  8    God:
Gold:   46         SH: 11    Dex: 10    Spells: 1/1 levels left

rFire   . . .      SeeInvis .    a - +0 war axe
rCold   . . .      Faith    .    e - +0 tower shield
rNeg    . . .      Spirit   .    b - +0 scale mail
rPois   .          Reflect  .    (no helmet)
rElec   .          Harm     .    (no cloak)
rCorr   .          Rampage  .    (no gloves)
Will    .....                    (no boots)
Stlth   ..........               (no amulet)
HPRegen 0.24/turn                (no ring)
MPRegen 0.08/turn                (no ring)

@: no status effects
A: no striking features
a: no special abilities


You were on level 2 of the Dungeon.
You visited 1 branch of the dungeon, and saw 2 of its levels.

You collected 46 gold pieces.

Inventory:

Hand Weapons
 a - a +0 war axe (weapon)
Armour
 b - a +0 scale mail (worn)
 c - a +0 buckler
 e - a +0 tower shield (worn)
Jewellery
 j - a ring of ice
Scrolls
 d - 2 scrolls of poison {unknown}
Potions
 g - a potion of heal wounds {unknown}
 h - a potion of flight {unknown}
 i - a potion of mutation {unknown}


   Skills:
 + Level 3.9 Fighting
 + Level 3.0 Axes
 + Level 3.5 Armour
 + Level 3.5 Shields


You had one spell level left.
You didn't know any spells.
Your spell library was empty.

Dungeon Overview and Level Annotations

Branches:
Dungeon (2/15)

Altars:
Gozag

Annotations:
D:2 Robin, Sigmund


Message History

A hobgoblin comes into view.
The goblin hits you but does no damage. The goblin attacks as you move away!
The goblin hits you but does no damage. Sigmund barely misses you.
Things that are here:
a +0 dagger; a goblin corpse The goblin hits you but does no damage.
The goblin attacks as you move away! The goblin hits you with a +0 dagger.
The goblin attacks as you move away! The goblin hits you but does no damage.
The goblin shoots a sling bullet.
The sling bullet hits you but does no damage.
Sigmund barely misses you.
You hear a shout!
You completely miss the goblin. You hit the goblin.
You kill the goblin!
The goblin hits you with a +0 dagger.
A hobgoblin comes into view.
Sigmund hits you from afar with a +0 scythe.
The goblin barely misses you.
The goblin unwields a +0 sling.
The goblin wields a +0 dagger.
The goblin hits you with a +0 dagger.
You miss the goblin. You barely miss the goblin.
You completely miss the goblin. You closely miss the goblin.
You feel less confused. You block Robin's attack.
A goblin comes into view. It is wielding a +0 club.
The goblin hits you with a +0 dagger.
* * * LOW HITPOINT WARNING * * *
You block the goblin's attack. The goblin hits you but does no damage.
The goblin barely misses you. Sigmund hits you but does no damage.
The goblin hits you but does no damage. Robin hits you but does no damage.
You block the hobgoblin's attack. The goblin barely misses you.
The goblin hits you but does no damage. The hobgoblin attacks as you move away!
You block the hobgoblin's attack. The goblin hits you with a +0 dagger.
* * * LOW HITPOINT WARNING * * *
Sigmund hits you from afar with a +0 scythe.
* * * LOW HITPOINT WARNING * * *
Robin throws the goblin at you! The goblin hits you with a +0 dagger.
You die...

#### ####.##.#.#
...#!..........#
............>..##
...gg.......g...#####
...g.......g###.g...###
...............gg.....#
..............@.gg....##
.............gg..g.....#
................@g.....>
........................
...#. ..............#.
########.###### #.# #.#
#.# #.#


You could see Sigmund, Robin, 3 hobgoblins and 6 goblins.

Vanquished Creatures
  2 endoplasms (D:2)
  2 giant cockroaches (D:1)
  2 goblins (D:2)
  2 quokkas (D:1)
  2 ball pythons
  A bat (D:1)
  A frilled lizard (D:1)
  A kobold (D:1)
  2 rats (D:1)
15 creatures vanquished.

Notes
Turn   | Place    | Note
-------+----------+-------------------------------------------
     0 | D:1      | p00ps00p the Hill Orc Fighter began the quest for the Orb.
     0 | D:1      | Reached XP level 1. HP: 19/19 MP: 1/1
   521 | D:1      | Reached XP level 2. HP: 24/27 MP: 2/2
   879 | D:2      | Noticed Sigmund
   879 | D:2      | Found an opulent altar of Gozag.
   890 | D:2      | Noticed Robin
  1537 | D:2      | Slain by a goblin

Illustrated notes

Levels and vault maps discovered:
D:1:      saegor_arrival_simple_b, layout_loops_corners
D:2:      minmay_diamond_boxcup, layout_rooms, basic_altar,
          minmay_crystal_water, minmay_pentomino_u2, uniq_natasha, uniq_sigmund,
          uniq_robin

Skill      XL: |  1  2 |
---------------+-------+-----
Axes           | 3 |  3.0
Fighting       | |  3.9
Armour         | |  3.5
Shields        | |  3.5

Action                   || total
-------------------------++-------
Melee: War axe           ||    45
  Use: Scroll            ||     1
       Potion            ||     1
Armor: Scale mail        ||    34
Dodge: Dodged            ||    25
Block: Tower shield      ||    30

Table legend: (Time is in decaauts)
 A = Elapsed time spent in this place.
 B = Non-inter-level travel time spent in this place.
 C = Inter-level travel time spent in this place.
 D = Time resting spent in this place.
 E = Time spent auto-exploring this place.
 F = Levels seen in this place.
 G = Mean time per level.
                   A        B        C        D        E       F      G
               +--------+--------+--------+--------+--------+-----+--------+
         Total |   1569 |   1477 |     92 |    471 |    786 |   2 |  784.5 |
       Dungeon |   1569 |   1477 |     92 |    471 |    786 |   2 |  784.5 |
               +--------+--------+--------+--------+--------+-----+--------+

Top non-repeatable levels by time:
     D:1: 1512 daAuts
     D:2: 57 daAuts
